 Dungeon Crawl Stone Soup version 0.23-a0-488-g5fd82c5 (webtiles) character file.

2072 Firecrotchwizard the Cleaver (level 9, -6/79 HPs)
             Began as a Hill Orc Gladiator on Dec 2, 2018.
             Was a Priest of Uskayaw.
             Killed from afar by a gargoyle (17 damage)
             ... with a stone arrow
             ... on level 7 of the Dungeon.
             The game lasted 00:10:43 (6121 turns).

Firecrotchwizard the Cleaver (Hill Orc Gladiator)   Turns: 6121, Time: 00:10:44

Health: -6/79      AC: 14    Str: 20    XL:     9   Next: 26%
Magic:  17/21      EV:  8    Int:  8    God:    Uskayaw [***...]
Gold:   304        SH:  0    Dex: 12    Spells: 8/8 levels left

rFire    . . .     SeeInvis .   a - +1 war axe
rCold    . . .     Gourm    .   (no shield)
rNeg     . . .     Faith    .   q - +0 chain mail
rPois    .         Spirit   .   c - +1 helmet
rElec    .         Reflect  .   u - +0 cloak
rCorr    .         Harm     .   s - +0 pair of gloves
MR       .....                  (no boots)
Stlth    ..........             x - amulet of regeneration {+regen, !d}
HPRegen  0.63/turn              j - ring of magical power {MP+9}
MPRegen  0.17/turn              (no ring)

@: no status effects
A: no striking features
a: Stomp, Line Pass, Renounce Religion


You were on level 7 of the Dungeon.
You worshipped Uskayaw.
Uskayaw was noncommittal.
You were hungry.

You visited 2 branches of the dungeon, and saw 8 of its levels.

You collected 304 gold pieces.

Inventory:

Hand Weapons
 a - a +1 war axe (weapon)
 l - a +0 war axe
   (You took it off an orc priest on level 6 of the Dungeon)
Missiles
 d - 5 throwing nets {=f, !d}
Armour
 c - a +1 helmet (worn)
 n - a scarf of repulsion
   (You found it on level 2 of the Dungeon)
 q - a +0 chain mail (worn)
   (You found it on level 2 of the Dungeon)
 r - a +0 plate armour
   (You found it on level 2 of the Dungeon)
 s - a +0 pair of gloves (worn)
   (You found it on level 3 of the Dungeon)
 u - a +0 cloak (worn)
   (You found it on level 6 of the Dungeon)
Jewellery
 j - a ring of magical power (left hand) {MP+9}
   (You found it on level 1 of the Dungeon)
 x - an amulet of regeneration (around neck) {+regen, !d}
   (You found it on level 5 of the Dungeon)
Wands
 t - a wand of paralysis (11)
   (You found it on level 6 of the Dungeon)
 v - a wand of flame (16)
   (You found it on level 3 of the Dungeon)
Scrolls
 h - a scroll of teleportation
 i - 4 scrolls of remove curse
 k - 2 scrolls of magic mapping {!r}
 w - 7 scrolls of identify
 y - a scroll of vulnerability {!r!r}
Potions
 b - a potion of might {unknown}
 e - 4 potions of berserk rage {unknown}
 g - a potion of degeneration {unknown}
 m - 2 potions of haste {unknown}
 o - 4 potions of curing {unknown}
 z - a potion of mutation {unknown}
Comestibles
 f - 14 rations
 p - 12 chunks of flesh {@w0}


   Skills:
 + Level 7.5 Fighting
 * Level 11.5 Axes
 - Level 1.7 Throwing
 - Level 4.3 Armour
 - Level 2.4 Dodging
 + Level 5.3 Invocations


You had 8 spell levels left.
You didn't know any spells.
Your spell library was empty.

Dungeon Overview and Level Annotations

Branches:
Dungeon (7/15)             Temple (1/1) D:4

Altars:
Ashenzari
Cheibriados
Dithmenos
Elyvilon
Fedhas
Gozag
Hepliaklqana
Kikubaaqudgha
Makhleb
Nemelex Xobeh
Okawaru
Qazlal
Ru
Sif Muna
Trog
Uskayaw
Vehumet
Wu Jian
Xom
Zin
The Shining One

Annotations:
D:4 Natasha
D:6 2 runed doors, quirkyturtle's ghost, novice DrFE


Message History

No target in view!
No target in view! 2 howler monkeys come into view.
The howler monkey howls! x2
The howler monkey hoots and howls with incredible vigour!
You hear an angry hiss.
You slash the howler monkey! x2
The howler monkey hits you but does no damage. x2
You barely miss the howler monkey. You closely miss the howler monkey.
The howler monkey hits you but does no damage.
The howler monkey closely misses you.
The howler monkey hoots and howls with incredible vigour!
You slash the howler monkey!
You kill the howler monkey!
You slash the howler monkey! x2
The howler monkey hoots and howls with incredible vigour!
The howler monkey barely misses you.
You can now pass through a line of other dancers.
You hit the howler monkey.
You kill the howler monkey!
You slash the howler monkey!
You kill the howler monkey!
Uskayaw will force your foes to helplessly watch your dance.
No target in view!
No target in view!
A hound comes into view.
A hound is nearby!
A hound is nearby!
A hound is nearby!
A hound is nearby!
The hound barks!
The hound bites you but does no damage.
Uskayaw will no longer force your foes to helplessly watch your dance.
You barely miss the hound. The hound closely misses you.
You miss the hound. The hound barely misses you.
You slash the hound! The hound bites you but does no damage.
A gargoyle comes into view. It is wielding a +0 mace of crushing.
The hound bites you.
You take 1 damage, and have 78/79 hp.
You barely miss the hound. The hound bites you.
You take 3 damage, and have 75/79 hp.
You slash the hound!
You kill the hound!
The gargoyle hurls a stone arrow at you.
The stone arrow misses you. The gargoyle completely misses you.
You slash the gargoyle!
You are feeling hungry.
A leopard gecko comes into view.
Uskayaw will force your foes to helplessly watch your dance.
Uskayaw prepares the audience for your solo!
The helpless gargoyle fails to defend itself.
You hit the gargoyle but do no damage.
The gargoyle is no longer paralysed.
The gargoyle completely misses you.
Health restored: 79 You closely miss the gargoyle.
The gargoyle hurls a stone arrow at you.
The stone arrow hits you!
You take 17 damage, and have 62/79 hp.
MASSIVE DAMAGE!!
You slash the gargoyle!
The leopard gecko is no longer paralysed.
The gargoyle hits you with a +0 mace of crushing!
Uskayaw will force your foes to share their pain.
Uskayaw links your audience in an emotional bond!
You take 10 damage, and have 52/79 hp.
Your chain mail prevents you from hitting the gargoyle.
The gargoyle hits you with a +0 mace of crushing!
You take 11 damage, and have 41/79 hp.
You hit the gargoyle but do no damage. You hit the gargoyle but do no damage.
The gargoyle hits you with a +0 mace of crushing.
You take 4 damage, and have 38/79 hp.
You hit the gargoyle but do no damage.
The leopard gecko is no longer sharing its pain.
The gargoyle is no longer sharing its pain.
The gargoyle closely misses you.
Uskayaw will no longer force your foes to share their pain.
You hit the gargoyle but do no damage. You slash the leopard gecko!
You kill the leopard gecko!
The gargoyle hits you with a +0 mace of crushing!
* * * LOW HITPOINT WARNING * * *
Uskayaw will force your foes to share their pain.
You take 15 damage, and have 23/79 hp.
The gargoyle appears confused.
You feel somewhat more hungry.
Uskayaw will no longer force your foes to share their pain.
The gargoyle hits you with a +0 mace of crushing!
* * * LOW HITPOINT WARNING * * *
x2 Uskayaw prepares the audience for your solo!
You take 14 damage, and have 9/79 hp.
You now have 17/21 mp.
The helpless gargoyle fails to defend itself.
You hit the gargoyle but do no damage.
The helpless gargoyle fails to defend itself.
You hit the gargoyle but do no damage.
The helpless gargoyle fails to defend itself.
You hit the gargoyle but do no damage.
The gargoyle seems less confused.
The gargoyle is no longer paralysed.
The gargoyle hurls a stone arrow at you.
The stone arrow hits you!
You die...

#.(# ##(# #.......
#(## ##...(...
##..# ##.......
#)..## ##....$.#
##...######......#
#..............#
#..............##
#.........@9.†.†#
#..####......#...##
#..##
#.....###...## #..#
#......###...## ..#
#.......###...# .#
#........##....#
#..###....##.......
#..# #.... .......
#. .......


You could see a gargoyle.

Vanquished Creatures
  Duvessa (D:4)
  An orc warrior (D:6)
  A phantom (D:4)
  2 sky beasts
  An ogre (D:6)
  3 centaurs
  4 bullfrogs
  Dowan (D:4)
  A scorpion (D:6)
  3 howler monkeys (D:7)
  2 crimson imps (D:6)
  2 hounds
  A centaur skeleton (D:5)
  An orc priest (D:6)
  A jelly (D:4)
  2 bullfrog skeletons (D:5)
  Natasha (twice) (D:4)
  An iguana (D:4)
  3 orc wizards
  5 worker ants
  A hound zombie (D:6)
  A hound skeleton (D:4)
  7 gnolls
  5 adders
  3 oozes
  3 worms
  2 dart slugs (D:4)
  3 leopard geckos
  17 orcs
  3 giant cockroaches
  2 goblins
  2 hobgoblins
  6 jackals
  5 kobolds
  3 quokkas
  3 ball pythons
  5 bats
  2 frilled lizards (D:3)
  2 jackal skeletons
  A quokka skeleton (D:6)
  5 rats (D:2)
119 creatures vanquished.

Notes
Turn   | Place    | Note
-------+----------+-------------------------------------------
     0 | D:1      | Firecrotchwizard the Hill Orc Gladiator began the quest for
                  | the Orb.
     0 | D:1      | Reached XP level 1. HP: 18/18 MP: 1/1
   665 | D:1      | Reached XP level 2. HP: 25/25 MP: 2/2
   968 | D:2      | Reached skill level 1 in Armour
  1011 | D:2      | Found a shadowy altar of Dithmenos.
  1023 | D:2      | Reached skill level 3 in Fighting
  1023 | D:2      | Reached XP level 3. HP: 22/31 MP: 3/3
  1320 | D:2      | Reached skill level 5 in Axes
  1801 | D:3      | Reached XP level 4. HP: 38/38 MP: 4/4
  1865 | D:3      | Noticed a bullfrog
  1871 | D:3      | Killed a bullfrog
  1871 | D:3      | Reached skill level 6 in Axes
  1871 | D:3      | Reached skill level 2 in Armour
  1871 | D:3      | Reached XP level 5. HP: 46/46 MP: 5/5
  1882 | D:3      | Found a sparkling altar of Nemelex Xobeh.
  2421 | D:4      | Reached skill level 4 in Fighting
  2709 | D:4      | Reached XP level 6. HP: 52/52 MP: 6/6
  2763 | D:4      | Reached skill level 3 in Armour
  2860 | D:4      | Noticed a phantom
  2879 | D:4      | Killed a phantom
  2879 | D:4      | Reached skill level 7 in Axes
  3090 | D:4      | Reached XP level 7. HP: 43/60 MP: 7/7
  3208 | D:4      | Noticed Duvessa
  3208 | D:4      | Noticed Dowan
  3229 | D:4      | Killed Duvessa
  3229 | D:4      | Reached skill level 5 in Fighting
  3229 | D:4      | Reached skill level 8 in Axes
  3238 | D:4      | Killed Dowan
  3238 | D:4      | Reached skill level 4 in Armour
  3501 | D:4      | Noticed Natasha
  3508 | D:4      | Killed Natasha
  3572 | D:4      | Found a staircase to the Ecumenical Temple.
  3586 | Temple   | Entered the Ecumenical Temple
  3593 | Temple   | Became a worshipper of Uskayaw the Reveler
  3719 | D:4      | Noticed Natasha
  3724 | D:4      | Reached * piety under Uskayaw
  3725 | D:4      | Killed Natasha
  3770 | D:4      | Noticed Natasha
  3942 | D:5      | Entered Level 5 of the Dungeon
  3962 | D:5      | Reached ** piety under Uskayaw
  3965 | D:5      | Reached *** piety under Uskayaw
  4556 | D:5      | Reached skill level 9 in Axes
  4556 | D:5      | Reached skill level 1 in Invocations
  4593 | D:5      | Reached XP level 8. HP: 37/70 MP: 9/9
  4742 | D:5      | Found a deep blue altar of Sif Muna.
  5164 | D:6      | Reached skill level 2 in Invocations
  5253 | D:6      | Reached skill level 6 in Fighting
  5258 | D:6      | Reached **** piety under Uskayaw
  5266 | D:6      | Reached skill level 3 in Invocations
  5267 | D:6      | Reached ***** piety under Uskayaw
  5550 | D:6      | Found a runed door.
  5560 | D:6      | Reached skill level 10 in Axes
  5723 | D:6      | Reached skill level 4 in Invocations
  5806 | D:6      | Reached skill level 7 in Fighting
  5883 | D:6      | Noticed quirkyturtle's ghost (novice DrFE)
  5906 | D:6      | Found a runed door.
  5911 | D:6      | Reached XP level 9. HP: 79/79 MP: 12/12
  5920 | D:6      | Reached skill level 11 in Axes
  5971 | D:6      | Found an ornate altar of the Wu Jian Council.
  6075 | D:7      | Reached skill level 5 in Invocations
  6103 | D:7      | Noticed a gargoyle
  6118 | D:7      | HP: 10/79 [gargoyle/+0 mace of crushing (13)]
  6121 | D:7      | Killed from afar by a gargoyle

Vault maps used:
D:1:      dpeg_arrival_radiant
D:2:      grunt_dithmenos_smoke_and_mirrors
D:3:      minmay_misc_feat_square, nemelex_lonely_heart_becter
D:4:      minmay_temple_entry_mini_moons, first_ration, uniq_duvessa,
          uniq_natasha
D:5:      old_standard_altar
D:6:      nicolae_overflow_hidden_temple, ebering_ghost_sewer_f
Temple:   nicolae_temple_no_exploring_needed

Skill      XL: |  1  2  3  4  5  6  7  8  9 |
---------------+----------------------------+-----
Armour         | 1 2 3 4 |  4.3
Fighting       | 3 4 5 7 |  7.5
Axes           | 5 6 7 9 10 11 | 11.5
Invocations    | 1 4 5 |  5.3
Throwing       | |  1.7
Dodging        | |  2.4

Action                   |  1- 3 |  4- 6 |  7- 9 || total
-------------------------+-------+-------+-------++-------
Melee: War axe           |    90 |   114 |   252 ||   456
Throw: Throwing net      |       |       |     1 ||     1
Invok: Line Pass         |       |       |     1 ||     1
  Use: Scroll            |       |       |    10 ||    10
 Stab: Sleeping          |     1 |       |       ||     1
       Paralysed         |       |       |     9 ||     9
  Eat: Chunk             |     3 |     4 |     6 ||    13
       Ration            |       |       |     1 ||     1
Armor: Leather armour    |    25 |       |       ||    25
       Ring mail         |       |    15 |       ||    15
       Chain mail        |       |    43 |   132 ||   175
Dodge: Dodged            |    66 |    58 |   108 ||   232
       Deflected         |       |       |     3 ||     3

Table legend:
 A = Non-vault XP
 B = Vault XP
 C = Vault XP percentage of total XP
 D = Non-vault monster count
 E = Vault monster count
 F = Vault count percentage of total count
                 A         B        C        D         E       F
            +---------+---------+-------+---------+---------+-------
      Total |    2689 |     271 |   9.2 |     116 |       3 |   2.5
            +---------+---------+-------+---------+---------+-------
        D:1 |      10 |       0 |   0.0 |       6 |       0 |   0.0
        D:2 |      47 |       0 |   0.0 |      16 |       0 |   0.0
        D:3 |     139 |       0 |   0.0 |      16 |       0 |   0.0
        D:4 |     554 |     271 |  32.8 |      35 |       3 |   7.9
        D:5 |     328 |       0 |   0.0 |      13 |       0 |   0.0
        D:6 |    1287 |       0 |   0.0 |      24 |       0 |   0.0
        D:7 |     324 |       0 |   0.0 |       6 |       0 |   0.0
            +---------+---------+-------+---------+---------+-------

Vault maps used:
D:1:      dpeg_arrival_radiant
D:2:      grunt_dithmenos_smoke_and_mirrors
D:3:      minmay_misc_feat_square, nemelex_lonely_heart_becter
D:4:      minmay_temple_entry_mini_moons, first_ration, uniq_duvessa,
          uniq_natasha
D:5:      old_standard_altar
D:6:      nicolae_overflow_hidden_temple, ebering_ghost_sewer_f
Temple:   nicolae_temple_no_exploring_needed

Table legend:
 A = Turns spent in this place as a percentage of turns spent in the entire game.
 B = Non-inter-level travel turns spent in this place as a percentage of non-inter-level travel turns spent in the entire game.
 C = Inter-level travel turns spent in this place as a percentage of turns spent in this place.
 D = Turns resting spent in this place as a percentage of non-inter-level travel turns spent in this place.
 E = Turns spent auto-exploring this place as a percentage of non-inter-level travel turns spent in this place.
 F = Non-inter-level travel turns spent in this place divided by the number of levels of this place that you've seen.
                   A       B       C       D       E      F
               +-------+-------+-------+-------+-------+----------------------
         Total | 100.0 | 100.0 |   3.8 |  28.3 |  56.5 | 736.0
       Dungeon |  99.8 |  99.9 |   3.7 |  28.3 |  56.6 | 840.0
        Temple |   0.2 |   0.1 |  46.7 |   0.0 |   0.0 |   8.0
               +-------+-------+-------+-------+-------+----------------------

Table legend:
 A = Kills in this place as a percentage of kills in entire the game.
 B = Kills by you in this place as a percentage of kills by you in the entire game.
 C = Kills by friends in this place as a percentage of kills by friends in the entire game.
 D = Other kills in this place as a percentage of other kills in the entire game.
 E = Experience gained in this place as a percentage of experience gained in the entire game.
 F = Experience gained in this place divided by the number of levels of this place that you have seen.
                   A       B       C       D       E      F
               +-------+-------+-------+-------+-------+----------------------
         Total | 100.0 | 100.0 |   N/A |   N/A | 100.0 | 370.0
       Dungeon | 100.0 | 100.0 |   N/A |   N/A | 100.0 | 422.9
               +-------+-------+-------+-------+-------+----------------------
